 Dungeon Crawl Stone Soup version 0.30-a0-368-g86fb4627a9 (webtiles) character file.

Game seed: 12293199745665573496

1548 KennySheep the Destroyer (level 8, 0/41 HPs)
             Began as a Deep Elf Conjurer on Nov 20, 2022.
             Was an Elder of Qazlal.
             Killed by divine providence
             ... invoked by an orc priest
              (13 damage)
             ... on level 6 of the Dungeon.
             The game lasted 00:26:09 (5297 turns).

KennySheep the Destroyer (Deep Elf Conjurer)        Turns: 5297, Time: 00:26:09

Health: 0/41       AC:  6    Str:  4    XL:     8   Next: 57%
Magic:  12/20      EV: 12    Int: 26    God:    Qazlal [****..]
Gold:   241        SH:  5    Dex: 13    Spells: 9/20 levels left

rFire   . . .      SeeInvis .    o - +5 demon trident (elec)
rCold   . . .      Faith    .    (no shield)
rNeg    . . .      Spirit   .    a - +0 robe
rPois   .          Reflect  .    f - +1 helmet
rElec   .          Harm     .    v - +0 cloak
rCorr   .          Rampage  .    (no gloves)
Will    .....                    w - +0 pair of boots
Stlth   +.........               (no amulet)
HPRegen 0.26/turn                (no ring)
MPRegen 0.17/turn                (no ring)

@: repel missiles
A: no striking features
a: Renounce Religion, Upheaval, Elemental Force


You were on level 6 of the Dungeon.
You worshipped Qazlal.
Qazlal was greatly pleased with you.
You visited 1 branch of the dungeon, and saw 8 of its levels.

You collected 241 gold pieces.

Inventory:

Hand Weapons
 o - a +5 demon trident of electrocution (weapon)
Armour
 a - a +0 robe (worn)
 f - a +1 helmet (worn)
 v - a +0 cloak (worn)
 w - a +0 pair of boots (worn)
Jewellery
 d - a ring of wizardry
 g - an amulet of magic regeneration
 s - a +4 ring of protection
Wands
 b - a wand of roots (9)
 m - a wand of polymorph (14)
 C - a wand of paralysis (6)
Scrolls
 c - a scroll of enchant armour
 e - a scroll of noise
 h - a scroll of fear
 j - a scroll of immolation {unknown}
 k - a scroll of amnesia {unknown}
 p - a scroll of brand weapon {unknown}
 r - a scroll of torment {unknown}
 t - a scroll of identify
 u - a scroll of poison
 x - a scroll of enchant weapon
 y - a scroll of blinking
 B - 2 scrolls of teleportation
 D - a scroll of magic mapping
Potions
 i - 2 potions of might {unknown}
 l - 4 potions of curing {unknown}
 n - a potion of ambrosia {unknown}
 q - a potion of flight {unknown}
 z - a potion of cancellation {unknown}
 A - a potion of heal wounds {unknown}


   Skills:
 + Level 0.5 Staves
 - Level 2.4 Dodging
 - Level 2.4 Stealth
 + Level 6.9 Spellcasting
 * Level 8.7 Conjurations
 - Level 4.0 Hexes
 * Level 6.3 Translocations


You had 9 spell levels left.
You knew the following spells:

 Your Spells              Type           Power      Damage    Failure   Level
a - Magic Dart            Conj           100%       1d8       1%          1
b - Searing Ray           Conj           100%       2d8       1%          2
c - Iskenderun's Mystic   Conj/Tloc      48%        2d11      2%          4
d - Fulminant Prism       Conj/Hex       21%        3d12      4%          4

Your spell library contained the following spells:

 Spells                   Type           Power      Damage    Failure   Level
 Kiss of Death            Conj/Necr      100%       2d13      1%          1
 Dazzling Flash           Conj/Hex       84%        N/A       1%          3
 Confusing Touch          Hex            30%        N/A       3%          3
 Sticky Flame             Conj/Fire      31%        2d5       11%         4
 Frozen Ramparts          Ice            16%        1d3       19%         3
 Ignite Poison            Fire/Tmut/Pois 8%         N/A       19%         3
 Dispel Undead            Necr           8%         3d8       54%         4
 Ice Form                 Ice/Tmut       8%         N/A       54%         4
 Summon Ice Beast         Ice/Summ       8%         N/A       54%         4
 Ignition                 Fire           4%         3d4       100%        8


Dungeon Overview and Level Annotations

Branches:
Dungeon (8/15)             Temple (0/1) D:5
   Lair: D:8-11

Altars:
Cheibriados
Dithmenos
Fedhas
Hepliaklqana
Qazlal
Ru
Uskayaw
The Shining One

Shops:
D:3 :

Annotations:
D:3 4 runed translucent doors, Crazy Yiuf; ryw's ghost, weakling DsFi


Message History

An orc is nearby!
An orc is nearby!
An orc is nearby!
An orc comes into view. It is wielding a +0 dagger.
An orc comes into view.
It is wielding a +0 hand axe and wearing a +0 leather armour of cold resistance.
An orc priest comes into view. It is wielding a +0 whip.
The magic dart hits the orc!
You kill the orc!
Qazlal accepts your kill.
The orc priest mumbles some strange prayers to Beogh against you.
Beogh smites you!
The magic dart hits the orc.
The orc is almost dead.
The magic dart hits the orc!
You kill the orc!
Qazlal accepts your kill.
The magic dart hits the orc.
The orc is lightly wounded.
The magic dart hits the orc.
You kill the orc!
Qazlal accepts your kill.
The magic dart hits the orc priest.
The orc priest is moderately wounded.
The orc priest calls down the wrath of Beogh upon you.
Beogh smites you!
Casting: Magic Dart (safe; 1% risk of failure)
Confirm with . or Enter, or press ? or * to list all spells.
Aiming: Searing Ray (safe; 1% risk of failure)
Press: ? - help, Shift-Dir - straight line, f/p - orc priest
Aim: an orc priest, wielding a +0 whip and wearing a +0 scale mail (moderately wounded, 85% to hit)
The searing ray hits the orc priest.
The orc priest is heavily wounded. (Press . to maintain the ray.)
The orc priest mumbles some strange prayers to Beogh against you.
Pain shoots through your body!
The searing ray hits the orc priest.
The orc priest is almost dead.
The orc priest invokes the aid of Beogh against you.
Beogh smites you!
You die...

##### #........#.
.. .....####
#.)#####...
..###......###).#
#...
.............).#
#...
#...........#.#
#...
+.o.......).#.#
##..
#.)..§..†...#.#
#..
..#..○...§....#.#
###
......○@§.......#
...###..........#
#°.........#
+............#
##.##..##....# #.
#..# ....# #.
#..# ....# #.
#..# .... ....
###


You could see an orc priest.

Vanquished Creatures
  An ice beast (D:5)
  An ogre (D:4)
  2 centaurs
  3 scorpions
  8 wights
  A jelly (D:5)
  2 orc priests (D:4)
  A gnoll bouda (D:5)
  3 hounds
  Jessica (D:2)
  Ijyb (D:4)
  Natasha (thrice) (D:3)
  2 iguanas
  An orc wizard (D:4)
  3 adders
  5 gnolls (D:5)
  An ufetubus (D:4)
  4 worms
  5 dart slugs
  15 orcs
  7 bats
  8 endoplasms
  10 goblins
  6 hobgoblins
  9 jackals
  7 kobolds
  6 quokkas
  6 ball pythons
  6 frilled lizards
  6 rats
134 creatures vanquished.

Vanquished Creatures (others)
  2 fulminant prisms
  3 plants
5 creatures vanquished.

Grand Total: 139 creatures vanquished

Notes
Turn   | Place    | Note
-------+----------+-------------------------------------------
     0 | D:1      | KennySheep the Deep Elf Conjurer began the quest for the
                  | Orb.
     0 | D:1      | Reached XP level 1. HP: 10/10 MP: 6/6
   114 | D:1      | Reached skill level 1 in Translocations
   114 | D:1      | Reached XP level 2. HP: 15/15 MP: 0/8
   117 | D:1      | Learned a level 2 spell: Searing Ray
   383 | D:1      | Found a faded altar of an unknown god.
   389 | D:1      | Prayed at the altar of an unknown god.
   389 | D:1      | Became a worshipper of Qazlal Stormbringer
   389 | D:1      | Reached * piety under Qazlal
   671 | D:1      | Reached XP level 3. HP: 19/19 MP: 5/9
  1006 | D:1      | Reached skill level 5 in Conjurations
  1326 | D:2      | Reached ** piety under Qazlal
  1351 | D:2      | Noticed Jessica
  1355 | D:2      | Killed Jessica
  1356 | D:2      | Reached XP level 4. HP: 24/24 MP: 6/11
  2019 | D:3      | Learned a level 4 spell: Iskenderun's Mystic Blast
  2098 | D:3      | Found a runed translucent door.
  2099 | D:3      | Noticed Crazy Yiuf
  2330 | D:3      | Noticed Natasha
  2336 | D:3      | Killed Natasha
  2337 | D:3      | Reached XP level 5. HP: 28/28 MP: 5/13
  2420 | D:3      | Found Fenuppei's Book Boutique.
  2437 | D:3      | Learned a level 4 spell: Fulminant Prism
  2491 | D:3      | Found a sacrificial altar of Ru.
  2602 | D:3      | Noticed Natasha
  2607 | D:3      | Killed Natasha
  2608 | D:3      | Reached skill level 1 in Hexes
  2878 | D:3      | Noticed Natasha
  2884 | D:3      | Killed Natasha
  2997 | D:3      | Found a runed translucent gate.
  2997 | D:3      | Noticed ryw's ghost (weakling DsFi)
  2998 | D:3      | Found a runed translucent gate.
  2998 | D:3      | Found a runed translucent gate.
  3118 | D:4      | Reached *** piety under Qazlal
  3270 | D:4      | Reached skill level 6 in Conjurations
  3369 | D:4      | Found a shadowy altar of Dithmenos.
  3381 | D:4      | Noticed Ijyb
  3502 | D:4      | Reached XP level 6. HP: 32/32 MP: 10/14
  3792 | D:4      | Reached skill level 5 in Spellcasting
  3865 | D:4      | Killed Ijyb
  3866 | D:4      | Reached XP level 7. HP: 32/36 MP: 10/16
  3913 | D:4      | Found a blossoming altar of Fedhas.
  3932 | D:4      | Found a stormy altar of Qazlal.
  4016 | D:4      | Found a glowing golden altar of the Shining One.
  4265 | D:4      | Found a snail-covered altar of Cheibriados.
  4295 | D:5      | Entered Level 5 of the Dungeon
  4295 | D:5      | Found a staircase to the Ecumenical Temple.
  4411 | D:5      | Reached skill level 7 in Conjurations
  4715 | D:5      | Identified the +4 spear "Ogreslayer" {antimagic, rPois rC+
                  | Str+3}
  4727 | D:5      | Reached **** piety under Qazlal
  4781 | D:5      | You fall into a shaft and drop 3 floors!
  4790 | D:7      | Found a hazy altar of Hepliaklqana.
  4790 | D:7      | Found a hide-covered altar of Uskayaw.
  4815 | D:7      | Identified a scroll of acquirement
  4816 | D:7      | Acquired a +5 demon trident of electrocution
  5002 | D:7      | Reached skill level 5 in Translocations
  5002 | D:7      | Reached XP level 8. HP: 7/41 MP: 6/19
  5002 | D:7      | HP: 1/41 [centaur/arrow (6)]
  5004 | D:7      | Reached skill level 8 in Conjurations
  5297 | D:6      | Killed from afar by an orc priest

Illustrated notes

Levels and vault maps discovered:
D:1:      amcnicky_arrival_underground_garden, layout_basic,
          shapermc_ecumenical_altar_acropolis
D:2:      kb_forest_paths, layout_basic, minivault_4, uniq_jessica
D:3:      layout_loops_ring, nicolae_ru_sacrificial_ziggurat,
          ebering_ghost_rock_garden, serial_shops, shop_fountains,
          uniq_crazy_yiuf_cottage, uniq_natasha
D:4:      layout_cave_pools, grunt_temple_overflow_forces_of_nature,
          nicolae_dithmenos_through_a_glass_darkly, slow_altar_2,
          mainiacjoe_overflow_paths, uniq_ijyb
D:5:      layout_basic, minmay_temple_entry_arrows
D:6:      layout_basic
D:7:      minmay_the_grid_triangle_9x9_rhombus_thin
          [minmay_the_grid_triangle_9x9_dagger,
          minmay_the_grid_triangle_9x9_prize_insulated,
          minmay_the_grid_triangle_9x9_minimal,
          minmay_the_grid_triangle_9x9_windchime], layout_basic,
          nicolae_overflow_hidden_temple
D:8:      layout_cave_pools

Skill      XL: |  1  2  3  4  5  6  7  8 |
---------------+-------------------------+-----
Translocations | 1 2 3 5 6 |  6.3
Conjurations   | 5 6 7 8 |  8.7
Spellcasting   | 4 5 6 |  6.9
Hexes          | 2 4 |  4.0
Staves         | |  0.5
Dodging        | |  2.4
Stealth        | |  2.4

Action                   |  1- 3 |  4- 6 |  7- 9 || total
-------------------------+-------+-------+-------++-------
Melee: Unarmed           |       |     5 |     3 ||     8
       Demon trident     |       |       |    12 ||    12
       Punch             |       |       |     1 ||     1
 Cast: Magic Dart        |    64 |   119 |    52 ||   235
       Searing Ray       |     1 |     7 |     4 ||    12
       Iskenderun's Myst |       |     9 |     5 ||    14
       Fulminant Prism   |       |     1 |     1 ||     2
Evoke: Wand              |       |     1 |     1 ||     2
  Use: Scroll            |       |     1 |     9 ||    10
       Potion            |       |     2 |       ||     2
Armor: Robe              |       |    11 |     3 ||    14
Dodge: Dodged            |     5 |    32 |    15 ||    52
Block: Other             |       |     8 |     8 ||    16

Table legend: (Time is in decaauts)
 A = Elapsed time spent in this place.
 B = Non-inter-level travel time spent in this place.
 C = Inter-level travel time spent in this place.
 D = Time resting spent in this place.
 E = Time spent auto-exploring this place.
 F = Levels seen in this place.
 G = Mean time per level.
                   A        B        C        D        E       F      G
               +--------+--------+--------+--------+--------+-----+--------+
         Total |   5306 |   5087 |    219 |    690 |   3673 |   8 |  663.2 |
       Dungeon |   5306 |   5087 |    219 |    690 |   3673 |   8 |  663.2 |
               +--------+--------+--------+--------+--------+-----+--------+

Top non-repeatable levels by time:
     D:3: 1436 daAuts
     D:1: 1134 daAuts
     D:4: 992 daAuts
     D:2: 876 daAuts
     D:5: 349 daAuts
     D:6: 283 daAuts
     D:7: 226 daAuts
     D:8: 8 daAuts
